 Dungeon Crawl Stone Soup version 0.31-a0-167-g1c394c0614 (webtiles) character file.

Game seed: 17737501993782015531

1070 dohliylev the Grappler (level 8, 0/75 HPs)
             Began as a Troll Berserker on June 14, 2023.
             Was a Priest of Trog.
             Slain by a two-headed ogre
             ... wielding a +0 giant spiked club
              (20 damage)
             ... on level 5 of the Dungeon.
             The game lasted 00:07:57 (3265 turns).

dohliylev the Grappler (Troll Berserker)            Turns: 3265, Time: 00:07:58

Health: 0/75       AC:  4    Str: 28    XL:     8   Next: 7%
Magic:  16/16      EV: 10    Int:  3    God:    Trog [***...]
Gold:   221        SH:  0    Dex: 13    Spells: 7/7 levels left

rFire   x .          .
                       - Unarmed
rCold   + . .        n - +0 kite shield
rNeg    . . .        a - +0 animal skin
rPois   .            (helmet restricted)
rElec   .            (no cloak)
rCorr   +            (gloves unavailable)
SInv    +            (boots unavailable)
Will    .....        (no amulet)
Stlth   +            m - ring "Quan" {Ice rCorr MP+9 Dex+4}
HPRegen 1.12/turn    q - ring of see invisible
MPRegen 0.15/turn

%: no passive effects
@: confused, on berserk cooldown, slowed, very slow
A: large, unfitting armour, claws 3, regeneration 1, shaggy fur 1, tough skin 1
a: Renounce Religion, Berserk, Trog's Hand


You were on level 5 of the Dungeon.
You worshipped Trog.
Trog was most pleased with you.
You visited 1 branch of the dungeon, and saw 5 of its levels.

You collected 221 gold pieces.

Inventory:

Armour
 a - a +0 animal skin (worn)
 n - a +0 kite shield (worn)
Jewellery
 m - the ring "Quan" (left claw) {Ice rCorr MP+9 Dex+4}
   (You found it on level 3 of the Dungeon)

   [ring of ice]

   It enhances your ice magic.
   Dex:       It affects your dexterity (+4).
   rF:        It makes you vulnerable to fire.
   rC:        It protects you from cold.
   MP:        It affects your magic capacity (+9).
   rCorr:     It protects you from acid and corrosion.
 o - a ring of fire
 q - a ring of see invisible (right claw)
Wands
 j - a wand of mindburst (4)
Scrolls
 f - 2 scrolls of fog {unknown}
 g - a scroll of teleportation {unknown}
 h - 2 scrolls of enchant armour {unknown}
 i - a scroll of revelation {unknown}
 l - a scroll of silence {unknown}
 p - a scroll of enchant weapon {unknown}
Potions
 b - 5 potions of curing {unknown}
 c - a potion of mutation {unknown}
 d - 2 potions of brilliance {unknown}
 e - a potion of enlightenment {unknown}
 k - a potion of berserk rage {unknown}


   Skills:
 + Level 3.2 Fighting
 + Level 4.7 Dodging
 + Level 0.7 Shields
 + Level 8.2 Unarmed Combat


You had 7 spell levels left.
You didn't know any spells.
Your spell library was empty.

Dungeon Overview and Level Annotations

Branches:
Dungeon (5/15)
 Temple: D:4-7

Altars:
Vehumet

Shops:
D:5 ::


Innate Abilities, Weirdness & Mutations

You are too large for most types of armour.
You have claws for hands.
Your natural rate of healing is unusually fast.
You are covered in fur. (AC +1)
You have tough skin. (AC +1)


Message History

* * * LOW HITPOINT WARNING * * *
The two-headed ogre completely misses you.
A red film seems to cover your vision as you go berserk!
You feel yourself moving faster!
You feel mighty!
You feel a strong urge to attack something.
There is an open door, spattered with blood here.
You see here a quokka corpse.
You feel your anger nearly subside.
You are no longer berserk.
You are exhausted.
You feel yourself slow down.
Found a club.
Your skin crawls.
You feel strong-willed.
You feel the effects of Trog's Hand fading.
As you open the door, it creaks loudly!
Found 4 stones.
The orc wizard casts a spell.
The orc wizard flickers and vanishes for a moment.
The two-headed ogre hits you with a +0 giant spiked club!
The two-headed ogre barely misses you.
There is an open door, spattered with blood here.
Your skin stops crawling.
You feel less strong-willed.
You block the two-headed ogre's attack. x2
The two-headed ogre attacks as you move away!
The two-headed ogre hits you with a +0 giant spiked club.
The two-headed ogre closely misses you.
Found 14 gold pieces.
The two-headed ogre hits you with a +0 giant spiked club.
The two-headed ogre hits you with a +0 giant club!!
* * * LOW HITPOINT WARNING * * *
The orc wizard casts a spell at you.
You are confused.
The orc wizard hits you but does no damage.
You are too confused!
The orc wizard attacks as you move away!
The orc wizard barely misses you.
You closely miss the orc wizard.
The two-headed ogre hits you with a +0 giant spiked club!!
You die...

...#...'.....#..###+#............
O..#...#.....+.. #............
†###...#.o..(# #............
..##o..#.....#+######............
..##...#....o....................
.......#.............#### #######
..##...#......o......# #
#+##...#.......O.....# #
....#.......o@....# #
..).#.............+ #
##..#.............# #
+###+####+###.$.... # ......
...... ..... ..... #.. #


You could see a two-headed ogre, an orc priest, 2 orc wizards and an orc.

Vanquished Creatures
  Sigmund (D:3)
  Menkaure (D:4)
  2 ice beasts (D:5)
  An ogre (D:5)
  A centaur (D:5)
  A scorpion (D:4)
  A howler monkey (D:4)
  A jelly (D:5)
  A hound (D:5)
  An orc priest (D:5)
  Terence (D:3)
  3 orc wizards
  7 adders
  2 worms
  A dart slug (D:2)
  12 orcs
  8 ball pythons
  7 bats
  8 endoplasms
  3 giant cockroaches
  4 goblins
  4 hobgoblins
  4 jackals (D:5)
  6 kobolds
  2 quokkas
  2 frilled lizards (D:2)
  5 rats
90 creatures vanquished.

Notes
Turn   | Place    | Note
-------+----------+-------------------------------------------
     0 | D:1      | dohliylev the Troll Berserker began the quest for the Orb.
     0 | D:1      | Reached XP level 1. HP: 22/22 MP: 0/0
   153 | D:1      | Reached XP level 2. HP: 29/29 MP: 1/1
   494 | D:1      | Reached ** piety under Trog
   671 | D:2      | Reached XP level 3. HP: 32/36 MP: 2/2
  1358 | D:3      | Noticed Sigmund
  1366 | D:3      | Killed Sigmund
  1367 | D:3      | Reached skill level 4 in Unarmed Combat
  1367 | D:3      | Reached XP level 4. HP: 45/45 MP: 3/3
  1367 | D:3      | Reached XP level 5. HP: 53/53 MP: 4/4
  1369 | D:3      | Reached skill level 5 in Unarmed Combat
  1648 | D:3      | Identified the ring "Quan" {Ice rCorr MP+9 Dex+4}
  1664 | D:3      | Found a faded altar of an unknown god.
  2027 | D:3      | Noticed Terence
  2034 | D:3      | Killed Terence
  2347 | D:3      | Reached XP level 6. HP: 61/61 MP: 5/5
  2563 | D:4      | Reached *** piety under Trog
  2643 | D:4      | Noticed Menkaure
  2649 | D:4      | Killed Menkaure
  2650 | D:4      | Reached skill level 6 in Unarmed Combat
  2785 | D:4      | Reached XP level 7. HP: 67/67 MP: 6/6
  2955 | D:5      | Entered Level 5 of the Dungeon
  2955 | D:5      | Found Mutoves's Vocational Training.
  2969 | D:5      | Reached skill level 7 in Unarmed Combat
  3110 | D:5      | Found Likuosch's Tiny Tomes.
  3196 | D:5      | Found a radiant altar of Vehumet.
  3217 | D:5      | Reached skill level 8 in Unarmed Combat
  3217 | D:5      | Reached XP level 8. HP: 70/75 MP: 7/7
  3235 | D:5      | Noticed a two-headed ogre
  3265 | D:5      | Slain by a two-headed ogre

Illustrated notes

Levels and vault maps discovered:
D:1:      mrwooster_arrival_statue_3, layout_loops_cross, minmay_distorted
D:2:      layout_basic
D:3:      layout_loops_cross, shapermc_ecumenical_altar_ellora,
          serial_co_window_serial, co_window_cross_1, co_window_paths_a,
          co_window_of_opportunity_a, co_window_of_opportunity_a,
          co_window_paths_a, co_window_broadway_a, co_window_corner_ca,
          co_window_broadway_a, co_window_broadway_a, co_window_broadway_b,
          co_window_paths_d, co_window_4corner_b, nrook_mini_backslash,
          uniq_sigmund, uniq_terence
D:4:      layout_basic, uniq_menkaure
D:5:      layout_gridville, lemuel_doored_altar,
          nicolae_shop_i_like_small_books_too, nrook_campfire,
          nicolae_shop_vocational

Skill      XL: |  1  2  3  4  5  6  7 |
---------------+----------------------+-----
Fighting       | 3 |  3.2
Dodging        | 3 4 |  4.7
Unarmed Combat | 4 5 6 8 |  8.2
Shields        | |  0.7

Action                     |  1- 3 |  4- 6 |  7- 9 || total
---------------------------+-------+-------+-------++-------
  Melee: Unarmed           |    89 |    68 |    54 ||   211
 Invoke: Berserk           |     1 |     2 |     3 ||     6
         Trog's Hand       |       |     1 |     2 ||     3
 Armour: Animal skin       |    35 |     6 |    14 ||    55
  Dodge: Dodged            |    58 |    19 |    22 ||    99
  Block: Kite shield       |       |    10 |    15 ||    25

Table legend: (Time is in decaauts)
 A = Elapsed time spent in this place.
 B = Non-inter-level travel time spent in this place.
 C = Inter-level travel time spent in this place.
 D = Time resting spent in this place.
 E = Time spent auto-exploring this place.
 F = Levels seen in this place.
 G = Mean time per level.
                   A        B        C        D        E       F      G
               +--------+--------+--------+--------+--------+-----+--------+
         Total |   3312 |   3167 |    145 |     82 |   2501 |   5 |  662.4 |
       Dungeon |   3312 |   3167 |    145 |     82 |   2501 |   5 |  662.4 |
               +--------+--------+--------+--------+--------+-----+--------+

Top non-repeatable levels by time:
     D:3: 1233 daAuts
     D:1: 661 daAuts
     D:4: 584 daAuts
     D:2: 501 daAuts
     D:5: 331 daAuts
